 Dungeon Crawl Stone Soup version 0.20.0-10-g0535bb4 (webtiles) character file.

5908 nikopol the Thaumaturge (level 10, -1/52 HPs)
             Began as a Deep Elf Fire Elementalist on June 3, 2017.
             Was an Elder of Vehumet.
             Slain by Larmestyx's ghost (6 damage)
             ... on level 9 of the Dungeon on June 4, 2017.
             The game lasted 01:00:52 (10510 turns).

nikopol the Thaumaturge (DEFE)                     Turns: 10510, Time: 01:00:52

Health: -1/52      AC:  7    Str:  5    XL:     10   Next: 53%
Magic:  17/28      EV: 14    Int: 26    God:    Vehumet [****..]
Gold:   448        SH:  5    Dex: 15    Spells: 21/33 levels left

rFire    + . .     SeeInvis +   q - +2 dagger (venom)
rCold    . . .     Gourm    .   C - +0 buckler
rNeg     . . .     Faith    .   l - +2 robe {rF+}
rPois    .         Spirit   .   M - +1 hat
rElec    .         Reflect  .   g - +0 cloak
rCorr    .         Harm     .   (no gloves)
MR       +....                  N - +0 pair of boots
Stlth    +++.......             B - amulet of regeneration
Regen    0.6/turn               D - ring of see invisible
MPRegen  0.3/turn               Q - +2 ring of intelligence

@: no status effects
A: no striking features
a: Renounce Religion


You were on level 9 of the Dungeon.
You worshipped Vehumet.
Vehumet was greatly pleased with you.
You were not hungry.

You visited 1 branch of the dungeon, and saw 9 of its levels.
You also visited: Ossuary.

You collected 448 gold pieces.

Inventory:

Hand Weapons
 k - a +0 short sword
 q - a +2 dagger of venom (weapon)
Missiles
 A - 158 stones (quivered)
Armour
 g - a +0 cloak (worn)
 l - a +2 robe of fire resistance (worn)
 C - a +0 buckler (worn)
 M - a +1 hat (worn)
 N - a +0 pair of boots (worn)
Jewellery
 B - an amulet of regeneration (around neck)
 D - a ring of see invisible (left hand)
 J - a +1 ring of evasion
 O - a +5 ring of slaying
 Q - a +2 ring of intelligence (right hand)
Wands
 G - a wand of flame (11/48)
 K - a wand of confusion (13/48)
Scrolls
 a - a scroll of recharging {unknown}
 e - 7 scrolls of remove curse
 p - 2 scrolls of fear
 r - 3 scrolls of teleportation
 s - 3 scrolls of immolation {unknown}
 t - 2 scrolls of blinking {unknown}
 y - 3 scrolls of enchant weapon {unknown}
 z - 2 scrolls of magic mapping
 E - a scroll of fog
 F - a scroll of torment {unknown}
 L - a scroll of identify
Potions
 d - a potion of agility {unknown}
 h - 4 potions of heal wounds
 j - 4 potions of haste
 n - 7 potions of curing
 o - a potion of lignification {unknown}
 u - 2 potions of might
 w - 2 potions of flight
 x - a potion of magic {unknown}
 I - a potion of brilliance {unknown}
Books
 b - a book of Flames

   Spells                             Type                      Level
   a - Flame Tongue                   Conjuration/Fire             1
   b - Throw Flame                    Conjuration/Fire             2
   c - Conjure Flame                  Conjuration/Fire             3
   d - Inner Flame                    Hexes/Fire                   3
   e - Sticky Flame                   Conjuration/Fire             4
   f - Fireball                       Conjuration/Fire             5
 m - a book of Cantrips

   Spells                             Type                      Level
   a - Confusing Touch                Hexes                        1
   b - Animate Skeleton               Necromancy                   1
   c - Summon Small Mammal            Summoning                    1
   d - Apportation                    Translocation                1
 H - a book of Misfortune

   Spells                             Type                      Level
   a - Confusing Touch                Hexes                        1
   b - Confuse                        Hexes                        3
   c - Gell's Gravitas                Translocation                3
   d - Petrify                        Transmutation/Earth          4
   e - Metabolic Englaciation         Hexes/Ice                    5
   f - Yara's Violent Unravelling     Hexes/Transmutation          5
Comestibles
 c - 5 bread rations
 f - 2 fruits
 i - 3 royal jellies
 v - 7 meat rations
 P - a chunk of flesh


   Skills:
 + Level 1.0 Fighting
 + Level 0.2 Short Blades
 + Level 4.1 Dodging
 + Level 4.2 Stealth
 * Level 4.4 Shields
 + Level 12.0 Spellcasting
 + Level 8.7 Conjurations
 + Level 8.9 Fire Magic
 + Level 1.0 Earth Magic


You had 21 spell levels left.
You knew the following spells:

 Your Spells              Type           Power        Failure   Level  Hunger
a - Flame Tongue          Conj/Fire      #####        1%          1    None
b - Throw Flame           Conj/Fire      ######       1%          2    None
c - Conjure Flame         Conj/Fire      ######..     1%          3    None
d - Fireball              Conj/Fire      ######....   1%          5    ###....
e - Sandblast             Erth           ###...       1%          1    None


Dungeon Overview and Level Annotations

Branches:
Dungeon (9/15)             Temple (0/1) D:6
   Lair: D:8-11         Orc: D:9-12

Altars:
Cheibriados
Dithmenos
Fedhas
Gozag
Qazlal
Ru
Trog
Uskayaw
Vehumet
Yredelemnul

Shops:
D:9 }

Annotations:
D:8 Joseph
D:9 Larmestyx's ghost, novice TrMo


Message History

Confirm with . or Enter, or press ? or * to list all spells.
Aiming: Flame Tongue
Press: ? - help, Shift-Dir - straight line, f/p - Larmestyx's ghost
Aim: Larmestyx's ghost (almost destroyed)
The flame tongue hits Larmestyx's ghost.
Larmestyx's ghost appears unharmed.
Larmestyx's ghost is almost destroyed.
Larmestyx's ghost hits you!
* * * LOW HITPOINT WARNING * * *
Casting: Flame Tongue
Confirm with . or Enter, or press ? or * to list all spells.
Aiming: Flame Tongue
Press: ? - help, Shift-Dir - straight line, f/p - Larmestyx's ghost
Aim: Larmestyx's ghost (almost destroyed)
The flame tongue hits Larmestyx's ghost.
Larmestyx's ghost is almost destroyed.
Larmestyx's ghost hits you!
* * * LOW HITPOINT WARNING * * *
Larmestyx's ghost hits you.
You die...

#......)..........
#.................
#.................
#.................
#.................
#.................
#.....)...........
#.W...............
#@)...............
#.................
#.................
#.................
#.................
#.................
#.................
#.................
#.................


You could see Larmestyx's ghost.

Vanquished Creatures
  An unseen horror (D:9)
  A hippogriff (D:9)
  Sigmund (D:3)
  A wraith (Ossuary)
  6 yaks
  Eustachio (D:6)
  A sky beast (D:7)
  A black bear (D:8)
  3 orc warriors
  2 phantoms
  6 ogres
  2 centaurs
  A wyvern zombie (D:8)
  6 bullfrogs
  3 scorpions
  10 killer bees
  A water moccasin skeleton (D:8)
  A howler monkey (D:8)
  A crimson imp (D:9)
  A centaur zombie (D:8)
  3 bullfrog zombies
  4 hounds
  2 centaur skeletons
  6 orc priests
  6 jellies
  3 orc wizards
  3 bullfrog skeletons
  5 worker ants
  Terence (D:3)
  A hound zombie (D:7)
  A hound skeleton (D:5)
  A mummy (Ossuary)
  2 worker ant zombies
  7 gnolls
  13 adders
  2 shadow imps (D:7)
  10 oozes
  3 adder skeletons
  3 worms
  A dart slug (D:1)
  2 leopard geckos
  35 orcs
  7 giant cockroaches
  7 goblins
  6 hobgoblins
  8 jackals
  11 kobolds
  7 quokkas
  2 ball pythons
  7 bats
  4 frilled lizards
  9 gnoll skeletons (Ossuary)
  5 kobold skeletons (Ossuary)
  A leopard gecko skeleton (D:5)
  11 orc skeletons (Ossuary)
  2 quokka zombies
  6 rats
  A fungus (D:9)
258 creatures vanquished.

Vanquished Creatures (others)
  7 toadstools (D:4)
7 creatures vanquished.

Grand Total: 265 creatures vanquished

Notes
Turn   | Place    | Note
-------+----------+-------------------------------------------
     0 | D:1      | nikopol the Deep Elf Fire Elementalist began the quest for the Orb.
     0 | D:1      | Reached XP level 1. HP: 10/10 MP: 6/6
   224 | D:1      | Reached XP level 2. HP: 15/15 MP: 2/8
   856 | D:2      | Reached XP level 3. HP: 19/19 MP: 0/9
  1135 | D:2      | Learned a level 2 spell: Throw Flame
  1176 | D:2      | Learned a level 3 spell: Conjure Flame
  1647 | D:3      | Found a hide-covered altar of Uskayaw.
  1647 | D:3      | Found a basalt altar of Yredelemnul.
  1704 | D:3      | Reached skill level 4 in Spellcasting
  1704 | D:3      | Reached XP level 4. HP: 24/24 MP: 9/12
  1742 | D:3      | Noticed Terence
  1756 | D:3      | Killed Terence
  1895 | D:3      | Found a stormy altar of Qazlal.
  2002 | D:3      | Noticed Sigmund
  2012 | D:3      | Killed Sigmund
  2012 | D:3      | Reached skill level 5 in Spellcasting
  2012 | D:3      | Reached XP level 5. HP: 14/28 MP: 0/14
  2019 | D:3      | Learned a level 5 spell: Fireball
  2374 | D:3      | Reached skill level 5 in Fire Magic
  2374 | D:3      | Reached XP level 6. HP: 20/32 MP: 9/16
  2906 | D:4      | Reached skill level 6 in Spellcasting
  3342 | D:4      | Reached XP level 7. HP: 31/37 MP: 12/18
  3419 | D:4      | Reached skill level 7 in Spellcasting
  3676 | D:4      | Found a radiant altar of Vehumet.
  3676 | D:4      | Found a bloodstained altar of Trog.
  3843 | D:4      | Became a worshipper of Vehumet
  5101 | D:5      | Entered Level 5 of the Dungeon
  5188 | D:5      | Found a sand-covered staircase.
  5199 | Ossuary  | Entered an ossuary
  5199 | Ossuary  | Noticed a wraith
  5199 | Ossuary  | Noticed a wraith
  5199 | Ossuary  | Noticed a wraith
  5205 | Ossuary  | Reached * piety under Vehumet
  5205 | Ossuary  | Offered knowledge of Sandblast by Vehumet.
  5208 | Ossuary  | Learned a level 1 spell: Sandblast
  5304 | Ossuary  | Noticed a wraith
  5319 | Ossuary  | Killed a wraith
  5319 | Ossuary  | Reached skill level 5 in Conjurations
  5319 | Ossuary  | Reached XP level 8. HP: 25/42 MP: 12/21
  5468 | Ossuary  | Reached skill level 8 in Spellcasting
  6001 | D:5      | Offered knowledge of Searing Ray by Vehumet.
  6235 | D:5      | Reached ** piety under Vehumet
  6764 | D:6      | Reached skill level 1 in Shields
  6883 | D:6      | Found a snail-covered altar of Cheibriados.
  6905 | D:6      | Found an opulent altar of Gozag.
  6934 | D:6      | Noticed Eustachio
  6983 | D:6      | Killed Eustachio
  6983 | D:6      | Reached skill level 9 in Spellcasting
  7095 | D:6      | Found a staircase to the Ecumenical Temple.
  7389 | D:6      | Reached XP level 9. HP: 46/46 MP: 18/24
  7514 | D:7      | Reached skill level 1 in Fighting
  7520 | D:7      | Offered knowledge of Mephitic Cloud by Vehumet.
  7698 | D:7      | Reached *** piety under Vehumet
  8401 | D:8      | Reached skill level 10 in Spellcasting
  8437 | D:8      | Noticed Joseph
  8706 | D:8      | Offered knowledge of Force Lance by Vehumet.
  9094 | D:8      | Reached skill level 11 in Spellcasting
  9446 | D:8      | Found a blossoming altar of Fedhas.
  9593 | D:9      | Noticed Larmestyx's ghost (novice TrMo)
  9608 | D:9      | Reached XP level 10. HP: 52/52 MP: 11/27
 10012 | D:9      | Found a shadowy altar of Dithmenos.
 10024 | D:9      | Found Rowa's Gadget Emporium.
 10033 | D:9      | Reached **** piety under Vehumet
 10087 | D:9      | Noticed an unseen horror
 10094 | D:9      | Killed an unseen horror
 10152 | D:8      | Offered knowledge of Lightning Bolt by Vehumet.
 10263 | D:9      | Found a sacrificial altar of Ru.
 10328 | D:9      | Reached skill level 12 in Spellcasting
 10453 | D:9      | Reached skill level 1 in Earth Magic
 10510 | D:9      | Slain by Larmestyx's ghost

Skill      XL: |  1  2  3  4  5  6  7  8  9 10 |
---------------+-------------------------------+-----
Fire Magic     | 4 5 6 7 8 |  8.9
Conjurations   | 2 3 4 5 6 8 |  8.7
Spellcasting   | 4 5 6 7 9 11 12 | 12.0
Stealth        | 3 4 |  4.2
Dodging        | 3 4 |  4.1
Shields        | 1 3 4 |  4.4
Fighting       | 1 |  1.0
Earth Magic    | 1 |  1.0
Short Blades   | |  0.2

Action                   |  1- 3 |  4- 6 |  7- 9 | 10-12 || total
-------------------------+-------+-------+-------+-------++-------
Melee: Dagger            |     1 |       |    27 |    16 ||    44
 Cast: Flame Tongue      |    87 |    66 |   370 |    96 ||   619
       Throw Flame       |     1 |    10 |    35 |    19 ||    65
       Conjure Flame     |       |     6 |    17 |     1 ||    24
       Fireball          |       |     1 |    16 |     4 ||    21
       Sandblast         |       |       |       |     7 ||     7
  Use: Scroll            |       |       |    13 |       ||    13
  Eat: Chunk             |     2 |     4 |    18 |     4 ||    28
       Bread ration      |       |       |     1 |       ||     1
       Fruit             |       |       |     2 |       ||     2
Armor: Robe              |     9 |     1 |    36 |     7 ||    53
Dodge: Dodged            |    15 |     9 |    74 |    32 ||   130
Block: Buckler           |       |       |    17 |     8 ||    25
